[Event "Titled Tuesday Blitz August 09 Early 2022"]
[White "Abdrlauf, Elham"]
[Black "Perez Leiva, Jerzy Jesus"]
[WhiteFideId "1533533"]
[BlackFideId "3524337"]
[WhiteElo "2430"]
[BlackElo "2287"]
[Result "1-0"]
[Round "01"]
[TimeControl "180+1"]
[Date "2022.08.09"]
[WhiteClock "0:01:01"]
[BlackClock "0:00:33"]

1. e4 e5 2. Nc3 Nf6 3. d4 exd4 4. Qxd4 Nc6 5. Qd3 g6 6. Bg5 Bg7 7. f4 h6 8. Bh4 d6 9. O-O-O Bg4 10. Be2 Qd7 11. Nf3 Nh5 12. g3 O-O 13. Nd5 f5 14. e5 Qf7 15. e6 Qxe6 16. Nxc7 Qxa2 17. Qc4+ Qxc4 18. Bxc4+ Kh7 19. Rhf1 Rac8 20. Ne6 Rfe8 21. Rxd6 Bf6 22. Rd7+ Re7 23. Rxe7+ Nxe7 24. Bxf6 Nxf6 25. Ne5 Ne4 26. Bd3 Bh3 27. Re1 Bg2 28. Re2 Bh1 29. Bxe4 Bxe4 30. Nd7 Nd5 31. Nec5 Nb4 32. Nxe4 fxe4 33. Nf6+ Kg7 34. Nxe4 Nd3+ 35. Kb1 Nb4 36. c3 Nd3 37. Nd6 Rc7 38. Ne8+ Kf7 39. Nxc7 Kf6 40. Nd5+ Kf5 41. Re7 Kg4 42. Rxb7 Kf3 43. Rxa7 Ne1 44. Rg7 Ng2 45. Rxg6 Ne3 46. Nxe3 Ke4 47. Rxh6 Kd3 48. Rd6+ Ke2 49. c4 Ke1 50. c5 Kf2 51. c6 Ke2 52. c7 Kf3 53. f5 Kf2 54. f6 Ke2 55. f7 Kf3 56. g4 Kf2 57. g5 Kf3 58. g6 Kf4 59. g7 Ke4 60. Rd8 Ke5 61. b4 Ke4 62. b5 Kf3 63. b6 Ke2 1-0


[Site "https://www.chess.com"]

[Event "Titled Tuesday Blitz August 09 Early 2022"]
[White "Adewumi, Tanitoluwa"]
[Black "Samadov, Read"]
[WhiteFideId "30966396"]
[BlackFideId "13417444"]
[WhiteElo "2511"]
[BlackElo "2084"]
[Result "0-1"]
[Round "01"]
[TimeControl "180+1"]
[Date "2022.08.09"]
[WhiteClock "0:00:03"]
[BlackClock "0:00:40"]

1. e4 c5 2. Nf3 d6 3. Bb5+ Nd7 4. c3 a6 5. Bd3 Ngf6 6. Bc2 b5 7. d4 Bb7 8. Nbd2 e6 9. Qe2 Rc8 10. Bd3 Be7 11. O-O O-O 12. e5 dxe5 13. dxe5 Nd5 14. Ne4 h6 15. Rd1 Qb6 16. Bc2 Rfd8 17. a4 c4 18. axb5 axb5 19. Nd4 Nxe5 20. Ng3 Nd3 21. Bxd3 cxd3 22. Rxd3 b4 23. Nh5 bxc3 24. Rg3 g6 25. Qe5 Nf6 26. Nxf6+ Bxf6 27. Qxf6 Qxd4 28. Rxg6+ fxg6 29. Qxg6+ Qg7 30. Qxe6+ Qf7 31. Qg4+ Kh7 32. bxc3 Rg8 33. Qh4 Rxg2+ 34. Kf1 Rg6 35. Ra7 Bg2+ 0-1


[Site "https://www.chess.com"]

[Event "Titled Tuesday Blitz August 09 Early 2022"]
[White "Adury, Anant"]
[Black "Machidon, Cristi"]
[WhiteFideId "30964687"]
[BlackFideId "13904590"]
[WhiteElo "2331"]
[BlackElo "2312"]
[Result "0-1"]
[Round "01"]
[TimeControl "180+1"]
[Date "2022.08.09"]
[WhiteClock "0:00:25"]
[BlackClock "0:00:18"]

1. d4 Nf6 2. c4 e6 3. Nc3 Bb4 4. e3 O-O 5. Bd3 c5 6. a3 Bxc3+ 7. bxc3 Nc6 8. Nf3 b6 9. e4 d6 10. O-O e5 11. Bc2 Ba6 12. Bb3 Nxe4 13. Bb2 f5 14. Re1 Qf6 15. dxe5 Nxe5 16. Qd5+ Kh8 17. Rad1 Rae8 18. Nd2 Nxd2 19. Qxd2 f4 20. f3 Bxc4 21. Bc2 Ba6 22. Bc1 Nc4 23. Qf2 Qxc3 24. Bxf4 Rxe1+ 25. Rxe1 Qf6 26. Bc1 Ne5 27. Be4 Bd3 28. Bd5 Bg6 29. Bb2 h6 30. f4 Qxf4 31. Qxf4 Rxf4 32. Bxe5 dxe5 33. Rxe5 Rf5 0-1


[Site "https://www.chess.com"]

[Event "Titled Tuesday Blitz August 09 Early 2022"]
[White "Aggelis, Nikolaos"]
[Black "Samarth, J Rao"]
[WhiteFideId "4213220"]
[BlackFideId "46652370"]
[WhiteElo "2154"]
[BlackElo "1514"]
[Result "1-0"]
[Round "01"]
[TimeControl "180+1"]
[Date "2022.08.09"]
[WhiteClock "0:01:01"]
[BlackClock "0:00:01"]

1. d4 d5 2. Nf3 Nf6 3. c4 e6 4. g3 Be7 5. Bg2 O-O 6. O-O dxc4 7. Na3 Bxa3 8. bxa3 Bd7 9. a4 Bc6 10. Ba3 Re8 11. Qc2 Bd5 12. Rfe1 Be4 13. Qxc4 Nc6 14. Rad1 Qd5 15. Qb5 Qxa2 16. Ra1 a6 17. Qxb7 Qc4 18. Qxc7 Rec8 19. Qf4 Bxf3 20. Bxf3 Nd5 21. Bxd5 exd5 22. Bc5 Re8 23. e3 Na5 24. Rac1 Qxa4 25. Ra1 Qb5 26. Reb1 Qd3 27. Rd1 Qb5 28. Rdb1 Qd3 29. Qf3 Nb3 30. Rd1 Qe4 31. Qxe4 dxe4 32. Ra3 Nxc5 33. dxc5 Rec8 34. Ra5 Rc6 35. Rd4 f5 36. Kg2 Kf7 37. g4 g6 38. Kg3 Ke6 39. Kf4 Kf6 40. gxf5 gxf5 41. Rd5 Ke6 42. Re5+ Kd7 43. Rxf5 Rg8 44. Kxe4 Rg2 45. h4 1-0


[Site "https://www.chess.com"]

[Event "Titled Tuesday Blitz August 09 Early 2022"]
[White "Ajay, Karthikeyan"]
[Black "Melikhov, Evgeny V."]
[WhiteFideId "35011685"]
[BlackFideId "4122046"]
[WhiteElo "2168"]
[BlackElo "1963"]
[Result "0-1"]
[Round "01"]
[TimeControl "180+1"]
[Date "2022.08.09"]
[WhiteClock "0:00:04"]
[BlackClock "0:00:46"]

1. d4 Nf6 2. Bf4 d5 3. e3 c5 4. Nf3 Nc6 5. Nbd2 cxd4 6. exd4 Bf5 7. c3 e6 8. h3 Bd6 9. Bxd6 Qxd6 10. Nh4 Bg6 11. Nxg6 hxg6 12. Bd3 a6 13. g3 b5 14. a3 Rc8 15. Qe2 Na5 16. Nf3 Nc4 17. h4 Kf8 18. Ne5 Nd7 19. f4 Ndxe5 20. fxe5 Qe7 21. Kf2 Kg8 22. Kg2 Rh6 23. Raf1 Rf8 24. Rf4 g5 25. hxg5 Rxh1 26. Kxh1 Qxg5 27. b3 Nxa3 28. Kg2 Rc8 29. Qb2 g6 30. Bf1 b4 31. cxb4 Rc2+ 32. Qxc2 Nxc2 33. Bxa6 Nxb4 34. Bb5 Qd8 35. Bf1 Qc7 36. Rf3 Qc2+ 37. Kh3 Qd2 38. Rf4 Nd3 39. Bxd3 Qxd3 40. Kh4 Qxb3 41. g4 Qe3 42. Kg5 Kg7 43. Kh4 Qxf4 44. Kh3 Kh6 45. Kh4 Qh2# 0-1


[Site "https://www.chess.com"]

[Event "Titled Tuesday Blitz August 09 Early 2022"]
[White "Aldokhin, Ivan"]
[Black "Yirik, Volkan"]
[WhiteFideId "24115720"]
[BlackFideId "6300782"]
[WhiteElo "2246"]
[BlackElo "2308"]
[Result "1-0"]
[Round "01"]
[TimeControl "180+1"]
[Date "2022.08.09"]
[WhiteClock "0:00:04"]
[BlackClock "0:00:18"]

1. e4 g6 2. d4 Bg7 3. Nc3 c5 4. Nf3 cxd4 5. Nxd4 Nc6 6. Be3 Nf6 7. Bc4 O-O 8. Bb3 d6 9. h3 Bd7 10. O-O Rc8 11. f4 Qa5 12. Nf3 Nh5 13. Qe1 Bh6 14. Qh4 Bg7 15. g4 Nf6 16. Rae1 Be6 17. Ng5 Bxb3 18. axb3 h6 19. Nf3 Nb4 20. Re2 Nxc2 21. Rxc2 Nxe4 22. Rfc1 Nxc3 23. bxc3 Qd5 24. Nd2 Qd3 25. Qf2 Rxc3 26. Rxc3 Bxc3 27. Nf1 a6 28. Qc2 Qxc2 29. Rxc2 Ba5 30. Kf2 Rd8 31. Nd2 b5 32. Ra2 Bxd2 33. Bxd2 Ra8 34. b4 f6 35. Rc2 Ra7 36. Be3 Rd7 37. Rc6 d5 38. Bd4 Rd8 39. Kf3 Re8 40. f5 Kf7 41. Rxa6 Rc8 42. Bc5 d4 43. Ra7 d3 44. Rxe7+ Kg8 45. Rd7 gxf5 46. gxf5 Ra8 47. Rxd3 Ra1 48. Rd6 Rf1+ 49. Kg4 Kf7 50. Rd7+ Ke8 51. Rb7 Rd1 52. Rxb5 Rd2 53. Rb6 Rg2+ 54. Kf3 Rh2 55. Kg3 Rh1 56. Rxf6 Rd1 57. Re6+ Kf7 58. Rxh6 Rd3+ 59. Kg4 Rb3 60. Rd6 Kg8 61. h4 Kf7 62. Kg5 Ke8 63. Re6+ Kf7 64. Re7+ Kg8 65. h5 Rg3+ 66. Kf6 Rh3 67. Rg7+ Kh8 68. Rg5 Ra3 69. Kg6 Ra6+ 70. f6 Rc6 71. Bd4 Kg8 72. Rd5 Rc8 73. f7+ Kf8 74. Bc5+ Rxc5 75. Rd8+ Ke7 76. f8=Q+ Ke6 77. Re8+ Kd5 78. Qxc5# 1-0


[Site "https://www.chess.com"]

[Event "Titled Tuesday Blitz August 09 Early 2022"]
[White "Altman, Joshua"]
[Black "Pinero Rodriguez, Carlos Jose"]
[WhiteFideId "426210"]
[BlackFideId "3901726"]
[WhiteElo "1945"]
[BlackElo "2053"]
[Result "1/2-1/2"]
[Round "01"]
[TimeControl "180+1"]
[Date "2022.08.09"]
[WhiteClock "0:00:10"]
[BlackClock "0:00:29"]

1. d4 d5 2. c4 dxc4 3. e3 e5 4. Bxc4 exd4 5. exd4 Nf6 6. Nf3 Bb4+ 7. Nc3 O-O 8. O-O Bg4 9. Be3 Nbd7 10. h3 Bh5 11. a3 Bd6 12. Be2 a6 13. Qd2 Re8 14. Rfe1 Bg6 15. Rad1 Ne4 16. Nxe4 Bxe4 17. Bf4 Bxf4 18. Qxf4 Bxf3 19. Bxf3 Rxe1+ 20. Rxe1 c6 21. d5 cxd5 22. Bxd5 Qf6 23. Qc7 Nf8 24. Qxb7 Rd8 25. Bf3 h6 26. Qe7 Qxe7 27. Rxe7 Rd2 28. b4 Ne6 29. Ra7 Rd6 30. a4 Nd4 31. Be4 f5 32. Bb7 Ne2+ 33. Kh2 Nc3 34. Bxa6 Kh7 35. a5 Rd4 36. Bc8 Rxb4 37. Bxf5+ Kg8 38. Ra8+ Kf7 39. a6 Ra4 40. a7 Nb5 41. Be6+ Ke7 42. Bb3 Rxa7 43. Rxa7+ Nxa7 44. Bc2 Kf6 45. Be4 Nb5 46. Bf3 Nd6 47. g3 Nf5 48. Kg2 Nd4 49. g4 Ke5 50. Kg3 Nc2 51. Bg2 Nd4 52. f4+ Kf6 53. h4 g5 54. hxg5+ hxg5 55. f5 Nb5 56. Kf2 Nd6 57. Bh3 Ke5 58. Ke3 Nc4+ 59. Kd3 Nd6 60. Ke3 Nc4+ 61. Kd3 Nd6 62. Bg2 Nxf5 63. gxf5 Kxf5 64. Ke3 Ke5 65. Kf3 Kf5 66. Bh3+ g4+ 67. Bxg4+ 1/2-1/2


[Site "https://www.chess.com"]

[Event "Titled Tuesday Blitz August 09 Early 2022"]
[White "Andreikin, Dmitry"]
[Black "Nasir, Zehn"]
[WhiteFideId "4158814"]
[BlackFideId "2613239"]
[WhiteElo "2736"]
[BlackElo "1993"]
[Result "1-0"]
[Round "01"]
[TimeControl "180+1"]
[Date "2022.08.09"]
[WhiteClock "0:01:22"]
[BlackClock "0:00:03"]

1. d4 Nf6 2. c4 e6 3. Nf3 d5 4. g3 c6 5. Bg2 Nbd7 6. O-O Be7 7. Nc3 O-O 8. Nd2 b6 9. e4 dxe4 10. Ndxe4 Bb7 11. Bf4 Nxe4 12. Nxe4 Nf6 13. Qc2 Nxe4 14. Bxe4 g6 15. Rad1 Rc8 16. Rfe1 Qd7 17. h4 Bf6 18. c5 Rfd8 19. Be5 Qe7 20. b4 Rd7 21. Qa4 Ba8 22. Bd6 Qd8 23. h5 Be7 24. hxg6 hxg6 25. Be5 Bf6 26. Qc2 Bxe5 27. dxe5 Rxd1 28. Rxd1 Qg5 29. Qc3 Kg7 30. f4 Qg4 31. Qf3 Qh3 32. Kf2 Rh8 33. Rh1 Qxh1 34. Qxh1 Rxh1 35. Bxh1 bxc5 36. bxc5 Kf8 37. Kf3 Ke7 38. Kg4 Bb7 39. Kg5 Ba8 40. Kh6 Kf8 41. Be4 Bb7 42. Kg5 Ke7 43. Bf3 Ba8 44. Kh4 Bb7 45. Be4 Ba8 46. Kg4 Bb7 47. Kf3 Ba8 48. Ke3 Kd7 49. Kd4 Kc7 50. Bd3 Bb7 51. Ke3 Kd7 52. Kf3 Ke7 53. Kg4 Bc8 54. Kg5 Bb7 55. Bc4 Bc8 56. Bd3 Bd7 57. Ba6 Be8 58. a4 Bd7 59. a5 Be8 60. g4 Bd7 61. Kh6 Kf8 62. Kh7 Be8 63. g5 Bd7 64. Kh8 Ke7 65. Kg7 Ke8 66. Bd3 Ke7 67. Be4 Be8 68. Bc2 Bd7 69. Bxg6 fxg6 70. Kxg6 Be8+ 71. Kh7 Bh5 72. g6 a6 73. g7 Bf7 74. Kh8 Ke8 75. g8=B 1-0


[Site "https://www.chess.com"]

[Event "Titled Tuesday Blitz August 09 Early 2022"]
[White "Aradhya, Garg"]
[Black "Estrada Nieto, Julian"]
[WhiteFideId "25006746"]
[BlackFideId "5101018"]
[WhiteElo "2203"]
[BlackElo "2252"]
[Result "0-1"]
[Round "01"]
[TimeControl "180+1"]
[Date "2022.08.09"]
[WhiteClock "0:01:11"]
[BlackClock "0:00:42"]

1. d4 d5 2. c4 dxc4 3. e4 e5 4. Nf3 exd4 5. Bxc4 Nc6 6. O-O Be6 7. Bb5 Bc5 8. b4 Bb6 9. a4 a6 10. Bxc6+ bxc6 11. a5 Ba7 12. Bb2 Nf6 13. Bc3 dxc3 14. Nxc3 Qxd1 15. Raxd1 Bg4 16. Rfe1 Bxf3 17. gxf3 Rd8 18. Rc1 Nh5 19. Ne2 Rd6 20. Red1 Kd7 21. f4 Re8 22. e5 Rxd1+ 23. Rxd1+ Kc8 24. Kg2 f6 25. Kf3 fxe5 26. f5 e4+ 27. Kg4 Nf6+ 28. Kg3 e3 29. f3 Rd8 30. Rc1 Kb7 31. Nf4 Rd2 32. Ne6 e2 33. Re1 Nd5 34. h4 Nc3 35. Nf4 Rd1 36. Ng2 Bd4 37. h5 c5 38. bxc5 Kc6 39. Kg4 h6 40. Kg3 Kxc5 41. Nf4 Be5 42. Kg2 Bxf4 43. Rxe2 Nxe2 44. f6 gxf6 45. Kf2 Nd4 46. Kg2 f5 47. Kf2 Rd2+ 48. Kf1 Kc4 49. Ke1 Kd3 50. Kf1 Ke3 51. Kg1 Kxf3 52. Kh1 Rd1# 0-1


[Site "https://www.chess.com"]

[Event "Titled Tuesday Blitz August 09 Early 2022"]
[White "Atakhan, Abtin"]
[Black "Ezov"]
[WhiteFideId "22502203"]
[WhiteElo "2087"]
[BlackElo "2399"]
[Result "1-0"]
[Round "01"]
[TimeControl "180+1"]
[Date "2022.08.09"]
[WhiteClock "0:01:21"]
[BlackClock "0:00:14"]

1. d4 Nf6 2. c4 c5 3. d5 b5 4. cxb5 a6 5. bxa6 g6 6. Nc3 Bg7 7. e4 d6 8. Nf3 O-O 9. a7 Rxa7 10. a4 Na6 11. Bb5 Nb4 12. O-O e6 13. dxe6 Bxe6 14. e5 dxe5 15. Qxd8 Rxd8 16. Nxe5 Nfd5 17. Nxd5 Bxd5 18. Bf4 g5 19. Bxg5 f6 20. Bh4 Rda8 21. Nd7 Be6 22. Nxc5 Bg4 23. Ne4 f5 24. Nf6+ Kh8 25. Rac1 Bh6 26. Rc4 Be2 27. Rxb4 Bxf1 28. Kxf1 Rc7 29. g4 Bd2 30. Rd4 Rc1+ 31. Kg2 Ba5 32. Rd7 Rc7 33. Rxc7 Bxc7 34. Nd5 Be5 35. gxf5 1-0


[Site "https://www.chess.com"]

[Event "Titled Tuesday Blitz August 09 Early 2022"]
[White "Averjanov, Alexey"]
[Black "Pourkashiyan, Atousa"]
[WhiteFideId "14109867"]
[BlackFideId "12502014"]
[WhiteElo "2655"]
[BlackElo "2247"]
[Result "1/2-1/2"]
[Round "01"]
[TimeControl "180+1"]
[Date "2022.08.09"]
[WhiteClock "0:00:29"]
[BlackClock "0:00:09"]

1. d4 Nf6 2. c4 e6 3. Nf3 d5 4. e3 Be7 5. Nbd2 O-O 6. Bd3 dxc4 7. Nxc4 a6 8. O-O Nbd7 9. b3 c5 10. Bb2 b5 11. Nce5 Bb7 12. a4 Qb6 13. axb5 axb5 14. Qe2 b4 15. h3 h6 16. dxc5 Nxc5 17. Bc4 Rxa1 18. Rxa1 Ra8 19. Rxa8+ Bxa8 20. Bd4 Qb7 21. Qc2 Nfe4 22. Nd3 Nxd3 23. Bxd3 Ng5 24. Be2 Bf6 25. Bxf6 gxf6 26. Qc5 Kg7 27. Qd4 e5 28. Qc5 Qe4 29. Qc1 Bd5 30. Bd1 Qd3 31. Nxg5 hxg5 32. Qc2 Be4 33. Qxd3 Bxd3 34. f3 f5 35. Kf2 Kf6 36. Ke1 f4 37. Kf2 Ke6 38. g3 Kf5 39. h4 fxg3+ 40. Kxg3 gxh4+ 41. Kxh4 e4 42. f4 f6 43. Bg4+ Kg6 44. Be6 Bc2 45. Bd5 Bd3 46. Kg4 Bc2 47. Be6 Bd1+ 48. Kg3 Bc2 49. Bg8 Bd3 50. Kg4 Bc2 51. Be6 Bd1+ 52. Kh4 Bc2 53. Kg3 Bd3 54. Kf2 Bc2 55. Ke2 Bd3+ 56. Kd2 Kh5 57. Ke1 Kh4 58. Kf2 Bc2 59. Bd5 Bd3 60. Be6 Bc2 61. Bf7 Bd3 62. Bg8 Bc2 63. Bc4 Kh3 64. Be6+ Kh4 1/2-1/2


[Site "https://www.chess.com"]

[Event "Titled Tuesday Blitz August 09 Early 2022"]
[White "Baches Garcia, Guillermo"]
[Black "Jobava, Baadur"]
[WhiteFideId "2209764"]
[BlackFideId "13601520"]
[WhiteElo "2502"]
[BlackElo "2617"]
[Result "1-0"]
[Round "01"]
[TimeControl "180+1"]
[Date "2022.08.09"]
[WhiteClock "0:00:14"]
[BlackClock "0:00:14"]

1. e4 c6 2. d4 d5 3. exd5 cxd5 4. Bd3 Nf6 5. c3 Bg4 6. Qb3 Qc8 7. Bf4 e6 8. Nd2 Nc6 9. Ngf3 Bh5 10. O-O Bg6 11. Bxg6 hxg6 12. g3 Be7 13. h4 Bd8 14. Kg2 Bc7 15. Bxc7 Qxc7 16. Rfe1 O-O-O 17. Qd1 Kb8 18. Qe2 Ne8 19. b4 Nd6 20. a4 Ne7 21. Rec1 Nef5 22. Ne5 g5 23. h5 f6 24. Nd3 Qf7 25. Rh1 Rc8 26. Nc5 Rhe8 27. Nf3 g4 28. Nh4 b6 29. Nxf5 exf5 30. Na6+ Kb7 31. Qd3 Nc4 32. b5 Re4 33. Nb4 f4 34. gxf4 Rxf4 35. h6 Re4 36. h7 Rh8 37. Nc6 Qg6 38. Qg3 Re2 39. a5 1-0


[Site "https://www.chess.com"]

[Event "Titled Tuesday Blitz August 09 Early 2022"]
[White "Balint, Vilmos"]
[Black "Harsh Suresh"]
[WhiteFideId "718050"]
[BlackFideId "45018464"]
[WhiteElo "2059"]
[BlackElo "2070"]
[Result "0-1"]
[Round "01"]
[TimeControl "180+1"]
[Date "2022.08.09"]
[WhiteClock "0:01:18"]
[BlackClock "0:00:27"]

1. e4 c6 2. d4 d5 3. e5 Bf5 4. Nf3 e6 5. Be2 a6 6. O-O h6 7. c4 Ne7 8. Nc3 dxc4 9. Bxc4 Nd5 10. Bxd5 cxd5 11. Bf4 Nc6 12. Rc1 Be7 13. a3 O-O 14. Qb3 Na5 15. Qa2 b5 16. Ne2 Bd3 17. Rfe1 Bxe2 18. Rxe2 Rc8 19. Rec2 Qd7 20. Bd2 Nc4 21. b3 Nxa3 22. Rxc8 Rxc8 23. Rxc8+ Qxc8 24. g3 Qc2 25. Qxc2 Nxc2 26. Kf1 Bb4 27. Bc1 Na1 28. Bd2 Be7 29. b4 Nc2 30. Ke2 Nxb4 31. Kd1 Nc6 32. Kc2 a5 33. Bc3 Kf8 34. Nd2 Bb4 35. Bxb4+ Nxb4+ 36. Kc3 Nc6 37. Nb3 Ke7 38. Nc5 Kd8 39. f4 Kc7 40. g4 Nb8 41. f5 Nd7 42. fxe6 Nxc5 43. exf7 Ne6 44. h4 g5 45. hxg5 hxg5 0-1


[Site "https://www.chess.com"]

[Event "Titled Tuesday Blitz August 09 Early 2022"]
[White "Barp, Alberto"]
[Black "Gardezi, Arsal"]
[WhiteFideId "872555"]
[BlackFideId "30949521"]
[WhiteElo "2229"]
[BlackElo "1781"]
[Result "1-0"]
[Round "01"]
[TimeControl "180+1"]
[Date "2022.08.09"]
[WhiteClock "0:00:08"]
[BlackClock "0:00:01"]

1. d4 d5 2. c4 e6 3. Nf3 Nf6 4. g3 dxc4 5. Bg2 a6 6. O-O b5 7. Ne5 c6 8. a4 Bb7 9. b3 cxb3 10. Qxb3 Qxd4 11. Bb2 Qb4 12. Qc2 Qc5 13. Qd3 Be7 14. Rc1 Qb6 15. Nd2 O-O 16. Rab1 Rd8 17. Qc2 Nbd7 18. Nd3 c5 19. Nc4 Qa7 20. axb5 Bxg2 21. Kxg2 axb5 22. Bxf6 Nxf6 23. Rxb5 Nd5 24. Rcb1 Rd7 25. Kg1 Bf6 26. R1b3 Nc3 27. Rb6 Nd5 28. Rc6 Bd4 29. e3 Bf6 30. Nxc5 Rdd8 31. Ne4 1-0


[Site "https://www.chess.com"]

[Event "Titled Tuesday Blitz August 09 Early 2022"]
[White "Bashirli, Nail"]
[Black "Perez Rodriguez, Jennifer"]
[WhiteFideId "13406809"]
[BlackFideId "3507831"]
[WhiteElo "2333"]
[BlackElo "2170"]
[Result "1-0"]
[Round "01"]
[TimeControl "180+1"]
[Date "2022.08.09"]
[WhiteClock "0:02:55"]
[BlackClock "0:01:48"]

1. e4 e5 2. Nf3 Nc6 3. Nc3 Nf6 4. Bb5 Nd4 5. Nxd4 exd4 6. e5 dxc3 7. exf6 Qxf6 8. dxc3 Bc5 9. O-O O-O 10. Bd3 d5 11. Qh5 g6 12. Qxd5 Bd6 13. Bg5 Qe6 14. Qxe6 Bxe6 15. Rfe1 Kg7 16. a4 a5 17. Be3 b6 18. Bd4+ Kg8 19. Re2 Rfe8 20. Rae1 Bd7 21. b3 Rxe2 22. Rxe2 Re8 23. Rxe8+ Bxe8 24. Kf1 Bc6 25. Bb5 Bb7 26. h3 h5 27. f3 Kf8 28. Ke2 Ke7 29. Be3 f5 30. Bg5+ Kf7 31. Bc4+ Kg7 32. Be6 Be5 33. Kd3 Ba6+ 34. c4 Bb7 35. c5 Ba6+ 36. Bc4 Bxc4+ 37. Kxc4 Kf7 38. cxb6 cxb6 39. Bd8 1-0


[Site "https://www.chess.com"]

[Event "Titled Tuesday Blitz August 09 Early 2022"]
[White "Bazeev, German"]
[Black "Parpiev, Isaak"]
[WhiteFideId "24119350"]
[BlackFideId "34281576"]
[WhiteElo "2493"]
[BlackElo "2049"]
[Result "1/2-1/2"]
[Round "01"]
[TimeControl "180+1"]
[Date "2022.08.09"]
[WhiteClock "0:00:11"]
[BlackClock "0:00:10"]

1. d4 Nf6 2. Nf3 g6 3. c4 Bg7 4. Nc3 O-O 5. Bg5 d6 6. e3 h6 7. Bh4 Nbd7 8. Be2 e5 9. O-O Qe8 10. Rc1 g5 11. Bg3 Nh5 12. b4 Nxg3 13. hxg3 e4 14. Nd2 f5 15. g4 Nf6 16. Nd5 Qf7 17. gxf5 Nxd5 18. cxd5 Bxf5 19. Bg4 Rac8 20. Bxf5 Qxf5 21. Qc2 Rfe8 22. f3 Qxd5 23. fxe4 Qe6 24. Rf5 Rf8 25. Qc4 Qxc4 26. Rxc4 Rxf5 27. exf5 d5 28. Rc5 c6 29. g4 Bf8 30. Rc2 Bxb4 31. Rb2 Bxd2 32. Rxd2 Kf7 33. Kf2 Re8 34. Kf3 Kf6 35. Rh2 Rh8 36. a4 h5 37. Kg3 h4+ 38. Kf3 Re8 39. a5 b6 40. Rc2 Rc8 41. Rb2 Rb8 42. Rc2 Rc8 43. Rb2 b5 44. Rb1 a6 45. Rb2 c5 46. dxc5 Rxc5 47. Rb1 Rc3 48. Rd1 Ke5 49. f6 Kxf6 50. Rxd5 Rc6 51. Rd8 Kg6 52. Ke4 Re6+ 53. Kd4 Kh7 54. Rd7+ Kg8 55. Rc7 Rh6 56. Ke5 h3 57. Rc1 h2 58. Rh1 Rh3 59. Kf5 Rxe3 60. Rxh2 Ra3 61. Kxg5 Rxa5 62. Kg6 Ra4 63. g5 Rd4 64. Re2 Rd6+ 65. Kf5 Kf7 66. Rc2 Rd5+ 67. Kf4 a5 68. Rc7+ Kg6 69. Rc6+ Kg7 70. Rc7+ Kg6 71. Rc6+ Kf7 72. Rc7+ Kg6 1/2-1/2


[Site "https://www.chess.com"]

[Event "Titled Tuesday Blitz August 09 Early 2022"]
[White "Begunov, Konstantin"]
[Black "Prokofiev, Valentyn"]
[WhiteFideId "4118510"]
[BlackFideId "14160161"]
[WhiteElo "2262"]
[BlackElo "2259"]
[Result "0-1"]
[Round "01"]
[TimeControl "180+1"]
[Date "2022.08.09"]
[WhiteClock "0:00:04"]
[BlackClock "0:00:04"]

1. d4 Nf6 2. c4 c5 3. Nf3 cxd4 4. Nxd4 e5 5. Nb5 d5 6. cxd5 Bc5 7. d6 Na6 8. N1c3 O-O 9. a3 Bg4 10. b4 Bb6 11. h3 Bh5 12. g4 Bg6 13. Bg2 Qd7 14. Bg5 Nxg4 15. hxg4 Qxg4 16. Bxb7 Qxg5 17. Bxa6 Qg2 18. Rf1 e4 19. Nd5 e3 20. Nxe3 Bxe3 21. fxe3 Rae8 22. Qd2 Qg3+ 23. Kd1 Rxe3 24. d7 Rd8 25. Rc1 Bh5 26. Rc8 Rxe2 27. Rxd8+ Re8+ 28. Kc2 Rxd8 29. Bc8 Bg6+ 30. Kb2 h5 31. Nc3 Qe5 32. Re1 Qf6 33. Re8+ Kh7 34. Rxd8 Qxd8 35. Nd5 h4 36. Qf4 h3 37. Ne3 Qb6 38. Nf1 Kg8 39. Nh2 Qd8 40. Ng4 Qe7 41. Qd4 Qe2+ 42. Kb3 Qc2# 0-1


[Site "https://www.chess.com"]

[Event "Titled Tuesday Blitz August 09 Early 2022"]
[White "Bellissimo, Joseph F."]
[Black "Kilic, Eray"]
[WhiteFideId "2609843"]
[BlackFideId "44517173"]
[WhiteElo "2061"]
[BlackElo "1776"]
[Result "0-1"]
[Round "01"]
[TimeControl "180+1"]
[Date "2022.08.09"]
[WhiteClock "0:00:10"]
[BlackClock "0:00:35"]

1. e4 e5 2. Nf3 d5 3. Nxe5 Bd6 4. d4 dxe4 5. Nc3 Bxe5 6. dxe5 Qxd1+ 7. Nxd1 Nc6 8. Nc3 Bf5 9. Bb5 Ne7 10. Bg5 a6 11. Bxe7 axb5 12. Bh4 b4 13. Nd5 Rc8 14. O-O-O O-O 15. f4 exf3 16. gxf3 Ra8 17. Kb1 Be6 18. f4 Ra5 19. Ne7+ Nxe7 20. Bxe7 Rfa8 21. a3 c5 22. Rhf1 bxa3 23. f5 Bc4 24. Rf4 axb2 25. Kxb2 Ra2+ 26. Kc1 b5 27. Bxc5 h6 28. h4 Kh7 29. Kd2 Rd8+ 30. Bd6 f6 31. Ke1 fxe5 32. Bxe5 Re8 33. Re4 Re7 34. Rd8 Rxc2 35. h5 Re2+ 36. Rxe2 Bxe2 37. Kxe2 Rxe5+ 38. Kf3 Rxf5+ 39. Kg4 Rg5+ 40. Kh4 Rc5 41. Rb8 Rc4+ 42. Kh3 b4 43. Rb7 Kg8 44. Kg3 Kf8 45. Kh3 Rc3+ 46. Kg4 b3 47. Kf5 Rc5+ 48. Kg6 Rg5+ 49. Kh7 Rg3 50. Kh8 Ke8 51. Kh7 Kd8 52. Kg8 Kc8 53. Rb4 Kc7 54. Kf7 Kc6 55. Rb8 Kc5 56. Kg8 Kc4 57. Kh7 Kc3 58. Rc8+ Kb2 59. Rb8 Kc2 60. Rc8+ Kb1 61. Rb8 b2 62. Rb7 Rg5 63. Rb8 Rxh5 64. Kxg7 Rh3 65. Kg6 Rc3 66. Rc8 Rxc8 67. Kh5 Kc2 68. Kg6 b1=Q 69. Kh7 Qb7+ 70. Kg6 Rc6+ 71. Kh5 Qb5+ 72. Kg4 Qg5+ 73. Kf3 Rc3+ 74. Ke2 Re3+ 75. Kf1 Qf4+ 76. Kg2 Rg3+ 77. Kh1 Qh4# 0-1


[Site "https://www.chess.com"]

[Event "Titled Tuesday Blitz August 09 Early 2022"]
[White "Belozerov, Andrei"]
[Black "Zaloznyy, Mike"]
[WhiteFideId "4120213"]
[BlackFideId "2023075"]
[WhiteElo "2320"]
[BlackElo "2003"]
[Result "0-1"]
[Round "01"]
[TimeControl "180+1"]
[Date "2022.08.09"]
[WhiteClock "0:00:16"]
[BlackClock "0:00:04"]

1. e4 c6 2. d4 d5 3. Nd2 dxe4 4. Nxe4 Nf6 5. Nxf6+ exf6 6. c3 Bd6 7. Bd3 O-O 8. Qc2 Re8+ 9. Ne2 h5 10. O-O h4 11. Nf4 Nd7 12. Bd2 Nf8 13. Rae1 Rxe1 14. Rxe1 Qc7 15. g3 Ne6 16. Nxe6 Bxe6 17. Bh7+ Kf8 18. Bf5 hxg3 19. hxg3 Bxg3 20. Bxe6 fxe6 21. Qh7 Re8 22. Qh8+ Kf7 23. Qh5+ Kf8 24. fxg3 Qxg3+ 25. Kf1 g6 26. Qh6+ Ke7 27. Qg7+ Kd6 28. Qxf6 Qh3+ 29. Ke2 Kc7 30. Bf4+ Kb6 31. Qe5 Qg2+ 32. Kd3 Qxb2 33. Qc5+ Ka6 34. Qc4+ Qb5 35. a4 Qxc4+ 0-1


[Site "https://www.chess.com"]

[Event "Titled Tuesday Blitz August 09 Early 2022"]
[White "Bharath Subramaniyam H"]
[Black "Melaugh, Shane"]
[WhiteFideId "46634827"]
[BlackFideId "2509580"]
[WhiteElo "2346"]
[BlackElo "1946"]
[Result "0-1"]
[Round "01"]
[TimeControl "180+1"]
[Date "2022.08.09"]
[WhiteClock "0:00:42"]
[BlackClock "0:00:18"]

1. d4 e6 2. Nf3 f5 3. c4 Nf6 4. g3 Be7 5. Bg2 O-O 6. O-O d6 7. Nc3 Ne4 8. Qc2 Nxc3 9. Qxc3 a5 10. Re1 Bf6 11. e4 fxe4 12. Rxe4 Nc6 13. Bf4 d5 14. cxd5 exd5 15. Re3 Bg4 16. Ne5 Bxe5 17. Bxe5 Nxe5 18. Rxe5 c6 19. Rae1 Qf6 20. f4 Rf7 21. Qc5 Bd7 22. Qb6 Bf5 23. h3 h5 24. Kh2 a4 25. Bf3 h4 26. g4 Be4 27. R5xe4 dxe4 28. Rxe4 Re7 29. Rxe7 Qxe7 30. d5 Qd6 31. dxc6 Qxf4+ 32. Kg2 Qg3+ 0-1


[Site "https://www.chess.com"]

[Event "Titled Tuesday Blitz August 09 Early 2022"]
[White "Bintang, Rasyid A. Hidayat"]
[Black "Calugar, Arthur"]
[WhiteFideId "7105355"]
[BlackFideId "2606933"]
[WhiteElo "2368"]
[BlackElo "2312"]
[Result "0-1"]
[Round "01"]
[TimeControl "180+1"]
[Date "2022.08.09"]
[WhiteClock "0:00:01"]
[BlackClock "0:00:11"]

1. d4 Nf6 2. Bf4 g6 3. Nc3 d5 4. e3 a6 5. h4 h5 6. a4 Bg7 7. Nf3 O-O 8. Ne5 Re8 9. Qd2 c5 10. f3 Nc6 11. Be2 Qb6 12. dxc5 Qxc5 13. O-O d4 14. exd4 Nxd4 15. Kh2 Bf5 16. Bc4 Ne6 17. Bg3 Rad8 18. Qe2 Nd7 19. Nxd7 Rxd7 20. Bf2 Qc7+ 21. Bg3 Qc5 22. Bf2 Qc6 23. Rad1 Rxd1 24. Rxd1 Rc8 25. Bd5 Qc7+ 26. Bg3 Qb6 27. Bb3 Nd4 28. Qxe7 Nxb3 29. cxb3 Qxb3 30. Rd8+ Rxd8 31. Qxd8+ Kh7 32. Nd5 Qd3 33. Nf6+ Bxf6 34. Qxf6 Kg8 35. Be5 Kf8 36. Bd6+ Kg8 37. Qd8+ Kh7 38. Qf6 Kg8 39. Bf4 Kf8 40. Bh6+ Ke8 41. Bg5 Kd7 42. Qe7+ Kc6 43. Qf6+ Qd6+ 44. Qxd6+ Kxd6 45. Bf4+ Kc5 46. Bd2 Kc4 47. b4 Kb3 0-1


[Site "https://www.chess.com"]